SA
PONTIAC GODFATHERS @ TENNESSEE SMOKIES
06/24/2042
 
TOP OF THE 1ST
Pontiac Godfathers batting - Pitching for Tennessee Smokies : RHP Arturo Sánchez
Pitching: RHP Arturo Sánchez
Batting: RHB Brian Crocker 0-0: Called Strike
0-1: Called Strike
0-2: SINGLE (Line Drive, 4D, EV 95.6 MPH)
Batting: LHB Brad Dyer 0-0: Ball
1-0: Ball
2-0: Swinging Strike
2-1: Foul Ball, location: 2F
2-2: Strikes out swinging
Batting: LHB Gwang-soo Deungjeong 0-0: Foul Ball, location: 2F
0-1: Ball
1-1: Foul Ball, location: 2F
1-2: Fly out, F9 (Flyball, 9, EV 83.1 MPH)
Batting: SHB Mark Thomas 0-0: Ball
1-0: Foul Ball, location: 2F
1-1: Called Strike
1-2: Ball
2-2: Foul Ball, location: 2F
2-2: Foul Ball, location: 2F
2-2: Fly out, F8 (Line Drive, 8RM, EV 96.9 MPH)
Top of the 1st over - 0 runs, 1 hit, 0 errors, 1 left on base; Pontiac 0 - Tennessee 0
BOTTOM OF THE 1ST
Tennessee Smokies batting - Pitching for Pontiac Godfathers : LHP Phil Stephens
Pitching: LHP Phil Stephens
Batting: LHB Royce Rolls 0-0: Bunted foul
0-1: Fly out, F7 (Line Drive, 7D, EV 103.8 MPH)
Batting: LHB Jason Durkin 0-0: Foul Ball, location: 2F
0-1: Foul Ball, location: 2F
0-2: Strikes out swinging
Batting: RHB Benigno Bachelay 0-0: Ground out 2-3 (Groundball, 2R, EV 71.2 MPH)
Bottom of the 1st over - 0 runs, 0 hits, 0 errors, 0 left on base; Pontiac 0 - Tennessee 0
TOP OF THE 2ND
Pontiac Godfathers batting - Pitching for Tennessee Smokies : RHP Arturo Sánchez
Batting: RHB José Rivera 0-0: Called Strike
0-1: Ball
1-1: Ball
2-1: Ball
3-1: Called Strike
3-2: Base on Balls
Batting: LHB Nathaniel Gordon 0-0: Foul Ball, location: 2F
0-1: Foul Ball, location: 2F
0-2: Ball
1-2: Ball
2-2: Ball
3-2: Foul Ball, location: 2F
3-2: SINGLE (Line Drive, 6M, EV 99.4 MPH)
José Rivera to second
Batting: RHB Mike O'Halloran 0-0: Ball
1-0: Ball
2-0: Called Strike
2-1: SINGLE (Groundball, 6D, EV 100.0 MPH)
José Rivera to third
Nathaniel Gordon to second
Batting: RHB John Williams 0-0: Ball
1-0: Called Strike
1-1: Called Strike
1-2: Strikes out swinging
Batting: RHB Rich Pope 0-0: Ball
1-0: Ball
2-0: Called Strike
2-1: Foul Ball, location: 2F
2-2: Foul Ball, location: 2F
2-2: Strikes out swinging
Batting: RHB Brian Crocker 0-0: Ball
1-0: Called Strike
1-1: Ball
2-1: Ball
3-1: Base on Balls
José Rivera scores
Nathaniel Gordon to third
Mike O'Halloran to second
Batting: LHB Brad Dyer 0-0: Swinging Strike
0-1: Swinging Strike
0-2: Strikes out swinging
Top of the 2nd over - 1 run, 2 hits, 0 errors, 3 left on base; Pontiac 1 - Tennessee 0
BOTTOM OF THE 2ND
Tennessee Smokies batting - Pitching for Pontiac Godfathers : LHP Phil Stephens
Batting: RHB Darrell MacGregor 0-0: Ball
1-0: Ball
2-0: Ground out 6-3 (Groundball, 6S, EV 73.8 MPH)
Batting: LHB Vance Lee 0-0: Ground out 3-1 (Groundball, 34S, EV 90.0 MPH)
Batting: RHB Dae-jin Dokgo 0-0: Ball
1-0: DOUBLE (Line Drive, 7LS, EV 96.9 MPH)
Batting: RHB Yoshitora Nakayama 0-0: Called Strike
0-1: Ball
1-1: Fly out, F9 (Line Drive, 9, EV 84.4 MPH)
Bottom of the 2nd over - 0 runs, 1 hit, 0 errors, 1 left on base; Pontiac 1 - Tennessee 0
TOP OF THE 3RD
Pontiac Godfathers batting - Pitching for Tennessee Smokies : RHP Arturo Sánchez
Batting: LHB Gwang-soo Deungjeong 0-0: Called Strike
0-1: Swinging Strike
0-2: Ball
1-2: DOUBLE (Line Drive, 9LM, EV 103.1 MPH)
Batting: SHB Mark Thomas 0-0: Ball
1-0: SINGLE (Groundball, 4MD, EV 108.1 MPH)
Gwang-soo Deungjeong to third
Batting: RHB José Rivera 0-0: Ball
1-0: Called Strike
1-1: Ball
2-1: Ball
3-1: Base on Balls
Mark Thomas to second
Batting: LHB Nathaniel Gordon 0-0: Hit by Pitch
Gwang-soo Deungjeong scores
Mark Thomas to third
José Rivera to second
Batting: RHB Mike O'Halloran 0-0: Called Strike
0-1: Called Strike
0-2: Foul Ball, location: 2F
0-2: Fly out, F9 (Flyball, 9, EV 79.4 MPH)
Batting: RHB John Williams 0-0: Ball
1-0: Called Strike
1-1: Grounds into double play, 4-6-3 (Groundball, 4, EV 90.6 MPH)
Top of the 3rd over - 1 run, 2 hits, 0 errors, 2 left on base; Pontiac 2 - Tennessee 0
BOTTOM OF THE 3RD
Tennessee Smokies batting - Pitching for Pontiac Godfathers : LHP Phil Stephens
Batting: RHB Dave Dickey 0-0: Called Strike
0-1: SINGLE (Line Drive, 89S, EV 93.8 MPH)
Batting: RHB Andrew Whitfield 0-0: Swinging Strike
0-1: Foul Ball, location: 2F
0-2: Foul Ball, location: 2F
0-2: Ball
1-2: Ball
2-2: Strikes out swinging
Batting: LHB Royce Rolls 0-0: Called Strike
0-1: Swinging Strike
0-2: Ball
Dave Dickey steals 2nd base
1-2: Ball
2-2: Ball
3-2: Base on Balls
Batting: LHB Jason Durkin 0-0: Fielders Choice at 2nd, 4-6 (Groundball, 4D, EV 103.1 MPH)
Dave Dickey to third
Batting: RHB Benigno Bachelay 0-0: Ground out U3 (Groundball, 34, EV 102.5 MPH)
Bottom of the 3rd over - 0 runs, 1 hit, 0 errors, 2 left on base; Pontiac 2 - Tennessee 0
TOP OF THE 4TH
Pontiac Godfathers batting - Pitching for Tennessee Smokies : RHP Arturo Sánchez
Batting: RHB Rich Pope 0-0: Called Strike
0-1: Fly out, F8 (Flyball, 89M, EV 81.2 MPH)
Batting: RHB Brian Crocker 0-0: Ball
1-0: Ground out 6-3 (Groundball, 6, EV 85.0 MPH)
Batting: LHB Brad Dyer 0-0: Ball
1-0: Ball
2-0: Called Strike
2-1: Swinging Strike
2-2: Foul Ball, location: 2F
2-2: Foul Ball, location: 2F
2-2: Ground out 4-3 (Groundball, 4M, EV 103.8 MPH)
Top of the 4th over - 0 runs, 0 hits, 0 errors, 0 left on base; Pontiac 2 - Tennessee 0
BOTTOM OF THE 4TH
Tennessee Smokies batting - Pitching for Pontiac Godfathers : LHP Phil Stephens
Batting: RHB Darrell MacGregor 0-0: Ball
1-0: Called Strike
1-1: Fly out, F8 (Flyball, 78M, EV 96.9 MPH)
Batting: LHB Vance Lee 0-0: Called Strike
0-1: SINGLE (Groundball, 4MD, EV 95.6 MPH)
Batting: RHB Dae-jin Dokgo 0-0: Called Strike
0-1: Swinging Strike
0-2: Strikes out looking
Batting: RHB Yoshitora Nakayama 0-0: Ball
1-0: Called Strike
1-1: Ground out 4-3 (Groundball, 4MS, EV 91.2 MPH)
Bottom of the 4th over - 0 runs, 1 hit, 0 errors, 1 left on base; Pontiac 2 - Tennessee 0
TOP OF THE 5TH
Pontiac Godfathers batting - Pitching for Tennessee Smokies : RHP Arturo Sánchez
Batting: LHB Gwang-soo Deungjeong 0-0: Called Strike
0-1: SINGLE (Groundball, 34, EV 100.0 MPH) (infield hit)
Batting: SHB Mark Thomas 0-0: TRIPLE (Line Drive, 78XD, EV 110.6 MPH)
Gwang-soo Deungjeong scores
Batting: RHB José Rivera 0-0: Ball
1-0: Called Strike
1-1: Ball
2-1: Fly out, F9 (Line Drive, 9D, EV 108.1 MPH)
Runner from 3rd tags up, SCORES, no throw by RF
Batting: LHB Nathaniel Gordon 0-0: Ball
1-0: Foul Ball, location: 2F
1-1: Ball
2-1: Ball
3-1: Base on Balls
Batting: RHB Mike O'Halloran 0-0: Called Strike
0-1: Ball
1-1: Ball
2-1: Fly out, F1 (Popup, P, EV 88.8 MPH)
Batting: RHB John Williams 0-0: Ball
1-0: Foul Ball, location: 2F
1-1: Ball
2-1: Ball
3-1: Base on Balls
Nathaniel Gordon to second
Batting: RHB Rich Pope 0-0: Ball
1-0: Called Strike
1-1: Fly out, F9 (Flyball, 9D, EV 92.5 MPH)
Top of the 5th over - 2 runs, 2 hits, 0 errors, 2 left on base; Pontiac 4 - Tennessee 0
BOTTOM OF THE 5TH
Tennessee Smokies batting - Pitching for Pontiac Godfathers : LHP Phil Stephens
Batting: RHB Dave Dickey 0-0: Called Strike
0-1: Ball
1-1: Foul Ball, location: 2F
1-2: Strikes out swinging
Batting: RHB Andrew Whitfield 0-0: Called Strike
0-1: Foul Ball, location: 2F
0-2: Fly out, F8 (Flyball, 8RM, EV 91.2 MPH)
Batting: LHB Royce Rolls 0-0: Ball
1-0: Ball
2-0: Ground out 4-3 (Groundball, 4, EV 100.6 MPH)
Bottom of the 5th over - 0 runs, 0 hits, 0 errors, 0 left on base; Pontiac 4 - Tennessee 0
TOP OF THE 6TH
Pontiac Godfathers batting - Pitching for Tennessee Smokies : RHP Arturo Sánchez
Pitching: RHP Kyle Hayes
Batting: RHB Brian Crocker 0-0: Fly out, F8 (Flyball, 8RS, EV 85.6 MPH)
Batting: LHB Brad Dyer 0-0: Ball
1-0: Swinging Strike
1-1: Foul Ball, location: 2F
1-2: Foul Ball, location: 2F
1-2: Ground out 4-3 (Groundball, 4, EV 90.6 MPH)
Batting: LHB Gwang-soo Deungjeong 0-0: Ground out 6-3 (Groundball, 6S, EV 68.1 MPH)
Top of the 6th over - 0 runs, 0 hits, 0 errors, 0 left on base; Pontiac 4 - Tennessee 0
BOTTOM OF THE 6TH
Tennessee Smokies batting - Pitching for Pontiac Godfathers : LHP Phil Stephens
Batting: LHB Jason Durkin 0-0: Called Strike
0-1: Swinging Strike
0-2: Ball
1-2: Foul Ball, location: 2F
1-2: Foul Ball, location: 2F
1-2: DOUBLE (Line Drive, 89XD, EV 96.9 MPH)
Batting: RHB Benigno Bachelay 0-0: Ball
1-0: Ball
2-0: Called Strike
2-1: Called Strike
2-2: Fly out, F4 (Popup, 4D, EV 64.4 MPH)
Batting: RHB Darrell MacGregor 0-0: Swinging Strike
0-1: Swinging Strike
0-2: Strikes out swinging
Batting: LHB Vance Lee 0-0: SINGLE (Line Drive, 89M, EV 108.8 MPH)
Jason Durkin to third
Runner from 3rd tries for Home, SAFE, throw by RF to home
Batting: RHB Dae-jin Dokgo 0-0: Foul Ball, location: 2F
0-1: Called Strike
0-2: Ball
1-2: Foul Ball, location: 2F
1-2: Strikes out swinging
Bottom of the 6th over - 1 run, 2 hits, 0 errors, 1 left on base; Pontiac 4 - Tennessee 1
TOP OF THE 7TH
Pontiac Godfathers batting - Pitching for Tennessee Smokies : RHP Kyle Hayes
Batting: SHB Mark Thomas 0-0: Ground out U3 (Groundball, 34, EV 105.6 MPH)
Batting: RHB José Rivera 0-0: DOUBLE (Line Drive, 78M, EV 98.1 MPH)
Batting: LHB Nathaniel Gordon 0-0: Ball
1-0: Called Strike
1-1: Ball
2-1: Ground out 4-3 (Groundball, 4, EV 85.6 MPH)
José Rivera to third
Batting: RHB Mike O'Halloran 0-0: Ball
1-0: Ball
2-0: Ball
3-0: Called Strike
3-1: Base on Balls
Batting: RHB John Williams 0-0: Fly out, F8 (Flyball, 89M, EV 81.9 MPH)
Top of the 7th over - 0 runs, 1 hit, 0 errors, 2 left on base; Pontiac 4 - Tennessee 1
BOTTOM OF THE 7TH
Tennessee Smokies batting - Pitching for Pontiac Godfathers : LHP Phil Stephens
Batting: RHB Yoshitora Nakayama 0-0: Foul Ball, location: 2F
0-1: Ground out 5-3 (Groundball, 56S, EV 87.5 MPH)
Batting: RHB Dave Dickey 0-0: Ball
1-0: Fly out, F4 (Popup, 4, EV 70.0 MPH)
Batting: RHB Andrew Whitfield 0-0: Called Strike
0-1: Foul Ball, location: 2F
0-2: Ball
1-2: Strikes out looking
Bottom of the 7th over - 0 runs, 0 hits, 0 errors, 0 left on base; Pontiac 4 - Tennessee 1
TOP OF THE 8TH
Pontiac Godfathers batting - Pitching for Tennessee Smokies : RHP Kyle Hayes
Batting: RHB Rich Pope 0-0: Ball
1-0: Foul Ball, location: 2F
1-1: Foul Ball, location: 2F
1-2: Ground out 6-3 (Groundball, 6, EV 80.6 MPH)
Batting: RHB Brian Crocker 0-0: Called Strike
0-1: Ball
1-1: Ball
2-1: Ball
3-1: Base on Balls
Batting: LHB Brad Dyer Pickoff Throw to First - Error! E1
Brian Crocker to second
0-0: Ball
1-0: Called Strike
1-1: DOUBLE (Flyball, 89XD, EV 98.8 MPH)
Brian Crocker scores
Batting: LHB Gwang-soo Deungjeong 0-0: Ball
1-0: Swinging Strike
1-1: Ball
2-1: Foul Ball, location: 2F
2-2: SINGLE (Groundball, 34D, EV 96.9 MPH)
Brad Dyer to third
Pitching: RHP Martín Colón
Batting: SHB Mark Thomas 0-0: Ball
1-0: Called Strike
1-1: Fly out, F8 (Flyball, 8LM, EV 96.2 MPH)
Runner from 3rd tags up, OUT at HOME! 8-2
Top of the 8th over - 1 run, 2 hits, 1 error, 1 left on base; Pontiac 5 - Tennessee 1
BOTTOM OF THE 8TH
Tennessee Smokies batting - Pitching for Pontiac Godfathers : LHP Phil Stephens
Batting: LHB Royce Rolls 0-0: Ball
1-0: Called Strike
1-1: Ball
2-1: Foul Ball, location: 2F
2-2: Ball
3-2: SINGLE (Line Drive, 7S, EV 103.1 MPH)
Pitching: RHP Darwin McGinnity
Batting: LHB Jason Durkin 0-0: Called Strike
0-1: Ball
1-1: Called Strike
1-2: Foul Ball, location: 2F
1-2: Foul Ball, location: 2F
1-2: SINGLE (Line Drive, 8LS, EV 109.4 MPH)
Royce Rolls to second
Batting: RHB Benigno Bachelay 0-0: Foul Ball, location: 2F
0-1: Fly out, F8 (Flyball, 89M, EV 93.1 MPH)
Batting: RHB Darrell MacGregor 0-0: Called Strike
0-1: Ball
1-1: Ball
2-1: Foul Ball, location: 2F
2-2: DOUBLE (Flyball, 8RD, EV 100.0 MPH)
Royce Rolls scores
Jason Durkin to third
Batting: LHB Vance Lee 0-0: Called Strike
0-1: Ground out 4-3 (Groundball, 4, EV 88.8 MPH)
Jason Durkin scores
Darrell MacGregor to third
Batting: RHB Dae-jin Dokgo 0-0: Called Strike
0-1: Called Strike
0-2: SINGLE (Flyball, 9LS, EV 93.1 MPH)
Darrell MacGregor scores
Pinch Hitting: SHB Rafael Villa 0-0: Called Strike
0-1: Ball
1-1: Ground out 1-3 (Groundball, 34S, EV 90.0 MPH)
Bottom of the 8th over - 3 runs, 4 hits, 0 errors, 1 left on base; Pontiac 5 - Tennessee 4
TOP OF THE 9TH
Pontiac Godfathers batting - Pitching for Tennessee Smokies : RHP Martín Colón
Now at 3B: Stanislov Navashin
Batting: RHB José Rivera 0-0: Swinging Strike
0-1: Called Strike
0-2: Ball
1-2: Foul Ball, location: 2F
1-2: Foul Ball, location: 2F
1-2: Ball
2-2: Fly out, F3 (Line Drive, 3, EV 66.9 MPH)
Batting: LHB Nathaniel Gordon 0-0: Called Strike
0-1: Called Strike
0-2: Ball
1-2: Ground out 6-3 (Groundball, 6S, EV 83.8 MPH)
Batting: RHB Mike O'Halloran 0-0: Ball
1-0: Ball
2-0: Swinging Strike
2-1: Ground out 4-3 (Groundball, 4, EV 87.5 MPH)
Top of the 9th over - 0 runs, 0 hits, 0 errors, 0 left on base; Pontiac 5 - Tennessee 4
BOTTOM OF THE 9TH
Tennessee Smokies batting - Pitching for Pontiac Godfathers : RHP Darwin McGinnity
Pinch Hitting: RHB Jack Davis 0-0: Ball
1-0: Fly out, F8 (Line Drive, 8RM, EV 105.0 MPH)
Batting: RHB Andrew Whitfield 0-0: Ball
1-0: Ball
2-0: Foul Ball, location: 2F
2-1: Foul Ball, location: 2F
2-2: Ball
3-2: Ground out 6-3 (Groundball, 6, EV 81.9 MPH)
Batting: LHB Royce Rolls 0-0: Ball
1-0: Reached on error, E6 (Groundball, 6, EV 82.5 MPH)
Batting: LHB Jason Durkin 0-0: Called Strike
0-1: Ball
1-1: Ball
2-1: SINGLE (Groundball, 3D, EV 100.6 MPH)
Royce Rolls to second
Runner from 2nd tries for 3rd, SAFE, no throw by RF
Batting: RHB Benigno Bachelay 0-0: Called Strike
0-1: Ball
1-1: Ball
2-1: Ball
3-1: Called Strike
3-2: SINGLE (Groundball, 34D, EV 94.4 MPH)
Royce Rolls scores
Jason Durkin to second
Jason Durkin to third
Batting: RHB Darrell MacGregor 0-0: Called Strike
0-1: Foul Ball, location: 2F
0-2: Strikes out looking
Bottom of the 9th over - 1 run, 2 hits, 1 error, 2 left on base; Pontiac 5 - Tennessee 5
TOP OF THE 10TH
Pontiac Godfathers batting - Pitching for Tennessee Smokies : RHP Martín Colón
Pitching: RHP Harold Hunter
Now at 2B: Jack Davis
Batting: RHB John Williams 0-0: Called Strike
0-1: Ground out 4-3 (Groundball, 4, EV 83.1 MPH)
Pinch Hitting: LHB Xie-li Shiu 0-0: Ball
1-0: Ball
2-0: Ball
3-0: Base on Balls
Batting: RHB Brian Crocker 0-0: Ball
1-0: Called Strike
1-1: Ball
2-1: Ball
3-1: Called Strike
3-2: Foul Ball, location: 2F
3-2: SINGLE (Groundball, 56, EV 110.6 MPH)
Xie-li Shiu to second
Batting: LHB Brad Dyer 0-0: Ball
1-0: Called Strike
1-1: Foul Ball, location: 2F
1-2: Strikes out swinging
Batting: LHB Gwang-soo Deungjeong 0-0: Ball
1-0: Foul Ball, location: 2F
1-1: Foul Ball, location: 2F
1-2: Strikes out swinging
Top of the 10th over - 0 runs, 1 hit, 0 errors, 2 left on base; Pontiac 5 - Tennessee 5
BOTTOM OF THE 10TH
Tennessee Smokies batting - Pitching for Pontiac Godfathers : RHP Darwin McGinnity
Pitching: RHP Reynaldo Benítez
Now at 1B: Nathan Bram
Batting: LHB Vance Lee 0-0: Ball
1-0: Ball
2-0: Called Strike
2-1: Ball
3-1: Base on Balls
Batting: RHB Dae-jin Dokgo 0-0: Bunt missed!
0-1: Ball
1-1: Bunt missed!
1-2: SINGLE (Groundball, 56D, EV 103.8 MPH)
Vance Lee to second
Batting: RHB Stanislov Navashin 0-0: Sac Bunt to P - play at first, batter OUT! 1-4
Vance Lee to third
Dae-jin Dokgo to second
Batting: RHB Jack Davis 0-0: Intentional Walk
Batting: RHB Andrew Whitfield 0-0: Swinging Strike
Passed Ball!
Vance Lee scores
Friday, March 26th, 2021 - OOTP Baseball 20.8 Build 74